 Dungeon Crawl Stone Soup version 0.18-a0-738-g888b110 (webtiles) character file.

140 Arkorax the Ruffian (level 5, -1/48 HPs)
             Began as a Draconian Monk on Dec 11, 2015.
             Killed from afar by Robin (5 damage)
             ... with a wand of magic darts
             ... on level 2 of the Dungeon.
             The game lasted 00:01:29 (1454 turns).

Arkorax the Ruffian (Draconian Monk)                Turns: 1454, Time: 00:01:29

Health: -1/48      AC:  5    Str: 15    XL:     5   Next: 2%
Magic:  5/5        EV: 13    Int: 10    God:
Gold:   48         SH:  0    Dex: 13    Spells: 0 memorised, 4 levels left

rFire  . . .     SeeInvis .       - Unarmed
rCold  . . .     Clarity  .     (armour unavailable)
rNeg   . . .     SustAt   .     (no shield)
rPois  .         Gourm    .     (helmet restricted)
rElec  .         Spirit   .     (no cloak)
rCorr  .         Dismiss  .     (no gloves)
rMut   .         Rnd*Tele +     (no boots)
MR     .....                    (no amulet)
Stlth  ++........               (no ring)
                                f - ring of teleportation (curse)

@: not resistant to hostile enchantments, unstealthy
A: unfitting armour, cold-blooded, AC +5
a: Evoke Teleportation


You were on level 2 of the Dungeon.
You were not hungry.

You visited 1 branch of the dungeon, and saw 2 of its levels.

You collected 48 gold pieces.

Inventory:

Jewellery
 f - a cursed ring of teleportation (left hand)
Scrolls
 b - a scroll of identify {unknown}
 e - a scroll of fear {unknown}
 h - 2 scrolls of blinking {unknown}
 i - a scroll of remove curse {unknown}
Potions
 d - a potion of heal wounds
 g - a potion of curing {unknown}
Comestibles
 a - a bread ration
 c - a meat ration


   Skills:
 + Level 5.0 Fighting
 - Level 2.6 Dodging
 - Level 1.7 Stealth
 + Level 5.3 Unarmed Combat


You had 4 spell levels left.
You didn't know any spells.

Dungeon Overview and Level Annotations

Branches:
Dungeon (2/15)

Altars:

Annotations:
D:2 Robin


Innate Abilities, Weirdness & Mutations

Your plain brown scales are hard (AC +5).
Your body does not fit into most forms of armour.
You are cold-blooded and may be slowed by cold attacks.


Message History

The goblin is severely wounded.
The goblin misses you.
Robin zaps a wand.
The magic dart hits you!
You barely miss the goblin.
The goblin is severely wounded.
The goblin barely misses you.
Robin roars a battlecry!
The goblins go into a battle-frenzy!
Robin zaps a wand.
The magic dart hits you!
You hit the goblin.
You kill the goblin!
Robin zaps a wand.
The magic dart hits you!
* * * LOW HITPOINT WARNING * * *
You are too injured to fight recklessly!
Things that are here:
an uncursed hunting sling; 8 stones; a goblin corpse Robin zaps a wand.
The magic dart hits you!
* * * LOW HITPOINT WARNING * * *
Robin says, "My goblins will feast on your bones."
Robin zaps a wand.
The magic dart hits you!
You die...

#.............
##.#.#######..
.......
#.#.....#
.......
#.#.....#
.......
#....<..#
.......
######......#
....g
#......>#+###
.g. #.#######
#)#####@#
#.gg)).(#
#########


You could see Robin and a hobgoblin (frenzied).

Vanquished Creatures
  Ijyb (D:2)
  Terence (D:2)
  Natasha (twice) (D:2)
  A gnoll (D:1)
  An adder (D:2)
  An ooze (D:1)
  A giant gecko (D:1)
  2 bats (D:1)
  10 goblins
  5 hobgoblins
  4 kobolds (D:1)
  A quokka (D:2)
  2 giant cockroaches
  A giant newt (D:1)
  4 rats (D:1)
37 creatures vanquished.

Notes
Turn   | Place    | Note
--------------------------------------------------------------
     0 | D:1      | Arkorax the Draconian Monk began the quest for the Orb.
     0 | D:1      | Reached XP level 1. HP: 19/19 MP: 1/1
   196 | D:1      | Reached XP level 2. HP: 6/26 MP: 2/2
   943 | D:1      | Reached XP level 3. HP: 33/33 MP: 3/3
  1072 | D:2      | Noticed Terence
  1088 | D:2      | Killed Terence
  1120 | D:2      | Noticed Ijyb
  1121 | D:2      | Noticed Natasha
  1146 | D:2      | Killed Ijyb
  1146 | D:2      | Reached skill level 5 in Unarmed Combat
  1146 | D:2      | Reached XP level 4. HP: 32/41 MP: 4/4
  1156 | D:2      | Killed Natasha
  1395 | D:2      | Noticed Natasha
  1400 | D:2      | Killed Natasha
  1421 | D:2      | Noticed Robin
  1430 | D:2      | Reached skill level 5 in Fighting
  1441 | D:2      | Reached XP level 5. HP: 28/48 MP: 5/5
  1454 | D:2      | Killed from afar by Robin

Vault maps used:
D:1:      dpeg_arrival_radiant
D:2:      uniq_natasha, uniq_iyjb, uniq_terence, uniq_robin

Action                   |  1- 3 |  4- 6 || total
-------------------------+-------+-------++-------
Melee: Unarmed           |    75 |    49 ||   124
 Stab: Sleeping          |     2 |       ||     2
  Eat: Bread ration      |     1 |       ||     1
